 Dungeon Crawl Stone Soup version 0.20-a0-351-gc9b4002 (webtiles) character file.

489 mopl the Bolt Thrower (level 7, -2/58 HPs)
             Began as a Formicid Hunter on Dec 26, 2016.
             Slain by an ice beast (4 damage)
             ... on level 4 of the Dungeon.
             The game lasted 00:05:46 (4536 turns).

mopl the Bolt Thrower (Formicid Hunter)             Turns: 4536, Time: 00:05:47

Health: -2/58      AC:  5    Str: 16    XL:     7   Next: 36%
Magic:  7/7        EV: 11    Int: 11    God:
Gold:   102        SH:  0    Dex: 13    Spells: 6/6 levels left

rFire  . . .     SeeInvis +     a - +1 hand crossbow
rCold  + . .     Gourm    .     h - +0 ring mail
rNeg   . . .     Faith    .     (no shield)
rPois  .         Spirit   .     (helmet unavailable)
rElec  .         Reflect  .     (no cloak)
rCorr  .         Harm     .     (no gloves)
MR     .....                    (no boots)
Stlth  +.........               (no amulet)
                                x - ring of ice
                                j - ring of protection from fire

@: no status effects
A: permanent stasis, dig shafts and tunnels, four strong arms, antennae 3
a: Dig, Shaft Self


You were on level 4 of the Dungeon.
You were very hungry.

You visited 1 branch of the dungeon, and saw 4 of its levels.

You collected 102 gold pieces.

Inventory:

Hand Weapons
 a - a +1 hand crossbow (weapon)
 b - a +0 war axe
 m - a +0 short sword
Missiles
 d - 31 bolts (quivered)
 v - 2 needles of sleeping
Armour
 h - a +0 ring mail (worn)
 t - a +0 scale mail
Jewellery
 j - a ring of protection from fire (left hand)
 x - a ring of ice (right hand)
Scrolls
 c - a scroll of fog {unknown}
 e - a scroll of enchant weapon {unknown}
 g - a scroll of random uselessness {unknown}
 p - 3 scrolls of remove curse {unknown}
 q - 2 scrolls of identify {unknown}
 s - a scroll of immolation {unknown}
Potions
 k - a potion of might {unknown}
 l - a potion of haste {unknown}
 n - 3 potions of heal wounds {unknown}
 o - a potion of cure mutation {unknown}
 w - a potion of magic {unknown}
Comestibles
 f - 2 bread rations
 i - 2 slices of pizza
 r - a meat ration
 u - a beef jerky


   Skills:
 + Level 6.2 Fighting
 + Level 6.3 Crossbows
 - Level 1.7 Dodging
 - Level 1.2 Stealth


You had 6 spell levels left.
You didn't know any spells.

Dungeon Overview and Level Annotations

Branches:
Dungeon (4/15)
 Temple: D:4-7

Altars:
Vehumet
Xom
The Shining One


Innate Abilities, Weirdness & Mutations

You cannot be hasted, slowed, berserked, paralysed or teleported.
You can dig through walls and to a lower floor.
Your four strong arms can wield two-handed weapons with a shield.
You have a pair of large antennae on your head. (SInv)


Message History

The ice beast is severely wounded.
The ice beast barely misses you. The ice beast hits you.
* * * LOW HITPOINT WARNING * * *
The ice beast freezes you. You resist.
* * * LOW HITPOINT WARNING * * *
You barely miss the ice beast.
The ice beast is severely wounded.
The ice beast closely misses you.
a - a +1 hand crossbow (weapon)
The ice beast hits you.
* * * LOW HITPOINT WARNING * * *
The ice beast freezes you. You resist.
* * * LOW HITPOINT WARNING * * *
Firing (i - inventory):
d - 32 bolts (quivered)
Press: ? - help, Shift-Dir - straight line, f - ice beast
Aim: an ice beast (severely wounded)
You shoot a bolt. The bolt barely misses the ice beast.
The ice beast hits you.
* * * LOW HITPOINT WARNING * * *
The ice beast freezes you. You resist.
You die...

#################
#...............#
#.#######........ #.#
#.#####.# ###.## #.####
.# .....# #....# .# #{
.....# ####.##.#..#
.....## #.....@Y..(#
......# #.##.##....#
......# # #.# ....#
......# #.# ....# ......#
... ...... ......# ..#
###.### ......# .... .#
......###################
........................#


You could see an ice beast.

Vanquished Creatures
  A black bear (D:3)
  A bullfrog (D:4)
  4 crimson imps (D:4)
  Robin (D:3)
  11 adders
  2 dart slugs
  4 leopard geckos
  2 orcs
  6 giant cockroaches
  15 goblins
  6 hobgoblins
  6 kobolds
  3 quokkas
  2 ball pythons
  12 bats
  2 frilled lizards
  13 rats
91 creatures vanquished.

Notes
Turn   | Place    | Note
-------+----------+-------------------------------------------
     0 | D:1      | mopl the Formicid Hunter began the quest for the Orb.
     0 | D:1      | Reached XP level 1. HP: 16/16 MP: 1/1
   444 | D:1      | Reached XP level 2. HP: 16/23 MP: 2/2
   821 | D:1      | Reached skill level 3 in Fighting
   932 | D:1      | Reached XP level 3. HP: 29/29 MP: 3/3
  1682 | D:2      | Reached XP level 4. HP: 33/37 MP: 4/4
  1853 | D:2      | Reached skill level 4 in Fighting
  2148 | D:2      | Found a radiant altar of Vehumet.
  2250 | D:2      | Reached XP level 5. HP: 34/43 MP: 5/5
  2659 | D:3      | Reached skill level 5 in Crossbows
  3008 | D:3      | Noticed a black bear
  3023 | D:3      | Killed a black bear
  3023 | D:3      | Reached skill level 5 in Fighting
  3023 | D:3      | Reached XP level 6. HP: 8/51 MP: 6/6
  3359 | D:3      | Noticed Robin
  3383 | D:3      | Killed Robin
  4381 | D:4      | Found a shimmering altar of Xom.
  4395 | D:4      | Reached skill level 6 in Crossbows
  4395 | D:4      | Reached XP level 7. HP: 46/57 MP: 7/7
  4402 | D:4      | Reached skill level 6 in Fighting
  4421 | D:4      | Found a glowing golden altar of the Shining One.
  4536 | D:4      | HP: 2/58 [ice beast (1)]
  4536 | D:4      | Slain by an ice beast

Vault maps used:
D:1:      dpeg_arrival_erosion, minmay_ruptured
D:2:      lemuel_coloured_pillars_altar, minmay_rat_gold_closets
D:3:      uniq_robin
D:4:      tso_oasis_becter, led_xom_imps, uniq_sigmund

Skill      XL: |  1  2  3  4  5  6  7 |
---------------+----------------------+-----
Fighting       | 3 4 5 6 |  6.2
Crossbows      | 5 6 |  6.3
Dodging        | |  1.7
Stealth        | |  1.2

Action                   |  1- 3 |  4- 6 |  7- 9 || total
-------------------------+-------+-------+-------++-------
Melee: Short sword       |   106 |    79 |       ||   185
       War axe           |       |   138 |    30 ||   168
 Fire: Hand crossbow     |    15 |    20 |     1 ||    36
 Stab: Sleeping          |     1 |     2 |       ||     3
  Eat: Chunk             |     2 |     9 |       ||    11
Armor: Leather armour    |    24 |       |       ||    24
       Ring mail         |    21 |   136 |    10 ||   167
Dodge: Dodged            |   106 |   235 |    24 ||   365
